 Dungeon Crawl Stone Soup version 0.15.2 (webtiles) character file.

342798 4tharraofdagon the Bludgeoner (level 23, -29/198 HPs)
             Began as a Human Venom Mage on Jan 17, 2015.
             Was an Elder of Qazlal.
             Killed from afar by a tengu reaver (60 damage)
             ... with a bolt of lightning
             ... on Level 3 of the Depths on Jan 18, 2015.
             The game lasted 04:37:19 (32556 turns).

4tharraofdagon the Bludgeoner (Human Venom Mage)   Turns: 32556, Time: 04:37:19

HP -29/198       AC 24     Str 12      XL: 23   Next:  4%
MP  24/37        EV 18     Int 32      God: Qazlal [****..]
Gold 1755        SH  7     Dex 15      Spells: 12 memorised,  4 levels left

rFire  + . .     SeeInvis .     w - +4 great mace of Faragoippu {crush, +Blink +Inv rPois Int+3}
rCold  + + .     Clarity  +     M - +4 troll leather armour
rNeg   . . .     rCorr    .     (no shield)
rPois  +         rRot     .     L - +2 hat {Int+3}
rElec  .         Spirit   .     P - +0 cloak of Rotation {rC+}
SustAb .         Warding  .     o - +0 pair of gloves "Ytud" {+Blink MR++}
rMut   .         Stasis   .     X - +2 pair of boots {Fly}
Gourm  +                        k - amulet of the gourmand
MR     +++..                    h - ring of protection from fire
                                D - ring "Schihuas" {rC+ Str+3 Dex+2}

@: regenerating, repel missiles, drained, extremely resistant to hostile
enchantments, very unstealthy
A: icy blue scales 1, large bone plates 1, thin metallic scales 1, clarity,
clever 1, clumsy 1, sense surroundings 1, robust 1, screaming 1, wild magic 1
a: Upheaval, Elemental Force, Renounce Religion, Evoke Blink, Evoke
Invisibility, Evoke Flight
}: 2/15 runes: decaying, serpentine


You were on level 3 of the Depths.
You worshipped Qazlal.
Qazlal was greatly pleased with you.
You were very full.

You visited 8 branches of the dungeon, and saw 44 of its levels.
You also visited: Labyrinth, Ossuary and Bailey.

You collected 6968 gold pieces.
You spent 5189 gold pieces at shops.

Inventory:

Hand weapons
 w - the +4 great mace of Faragoippu (weapon) {crush, +Blink +Inv rPois Int+3}
   (You acquired it on level 2 of the Depths)

   It inflicts extra damage upon your enemies.
   It affects your intelligence (+3).
   It protects you from poison.
   It lets you turn invisible.
   It lets you blink.
Armour
 o - the +0 pair of gloves "Ytud" (worn) {+Blink MR++}
   (You acquired it on level 2 of the Lair of Beasts)

   It affects your resistance to hostile enchantments.
   It lets you blink.
 t - the +6 ring mail of Peek-a-Boo {rElec rN+}
   (You found it on level 11 of the Dungeon)

   It insulates you from electricity.
   It protects you from negative energy.
 L - a +2 hat of intelligence (worn)
 M - a +4 troll leather armour (worn)
 P - the +0 cloak of Rotation (worn) {rC+}
   (You bought it in a shop on level 6 of the Dungeon)

   It protects you from cold.
 X - a +2 pair of boots of flying (worn)
Magical devices
 G - a wand of digging (11)
 H - a wand of disintegration (2)
 K - a wand of teleportation (5)
 R - a wand of teleportation (4)
 Z - a wand of teleportation (5)
Comestibles
 d - 26 bread rations
 z - 20 meat rations
 Q - 56 fruits
Scrolls
 g - 6 scrolls of recharging
 r - a scroll of summoning
 y - a scroll of silence
 B - 8 scrolls of magic mapping
 E - a scroll of holy word
 I - a scroll of brand weapon
 N - 11 scrolls of remove curse
 S - 9 scrolls of fog
 U - 7 scrolls of enchant weapon
 V - 8 scrolls of teleportation
 W - 3 scrolls of blinking
Jewellery
 h - a ring of protection from fire (right hand)
 j - an uncursed amulet of warding
 k - an amulet of the gourmand (around neck)
 n - an uncursed amulet of resist mutation
 p - an uncursed amulet of clarity
 x - an uncursed ring of teleportation
 A - an uncursed ring of fire
 D - the ring "Schihuas" (left hand) {rC+ Str+3 Dex+2}
   (You bought it in a shop on level 14 of the Dungeon)

   [ring of protection from cold]

   It affects your strength (+3).
   It affects your dexterity (+2).
   It protects you from cold.
 J - an uncursed ring of ice
 T - an uncursed ring of wizardry
Potions
 a - 7 potions of brilliance
 b - 2 potions of resistance
 e - 3 potions of agility
 l - 7 potions of restore abilities
 m - 5 potions of cancellation
 q - 15 potions of curing
 s - 2 potions of might
 u - 2 potions of invisibility
 v - 4 potions of haste
 C - 3 potions of lignification
 F - 9 potions of heal wounds
 O - 6 potions of magic
 Y - 2 potions of cure mutation
Miscellaneous
 c - an ornate deck of defence {drawn: 2}
 f - a fan of gales (inert)
 i - a fan of gales


   Skills:
 + Level 14.9 Fighting
 * Level 20.4(20.3) Maces & Flails
 + Level 14.3(14.2) Armour
 - Level 11.1(11.0) Dodging
 - Level 2.0(1.9) Stealth
 - Level 9.0(8.9) Spellcasting
 - Level 8.0(7.9) Charms
 - Level 1.3(1.2) Necromancy
 - Level 13.0(12.9) Translocations
 - Level 5.1 Poison Magic
 - Level 15.0(14.9) Invocations
 - Level 5.0(4.9) Evocations


You had 4 spell levels left.
You knew the following spells:

 Your Spells              Type           Power        Failure   Level  Hunger
a - Apportation           Tloc           #######...   1%          1    None
b - Cure Poison           Pois           ######....   3%          2    None
c - Mephitic Cloud        Conj/Pois/Air  #####...     16%         3    None
d - Regeneration          Chrm/Necr      ######....   4%          3    None
e - Spectral Weapon       Hex/Chrm       ######..     5%          3    None
f - Animate Skeleton      Necr           N/A          7%          1    None
g - Blink                 Tloc           N/A          1%          2    None
h - Control Teleport      Chrm/Tloc      #######...   2%          4    None
i - Controlled Blink      Tloc           N/A          30%         7    ######.
j - Haste                 Chrm           #######.     34%         6    #####..
k - Swiftness             Chrm/Air       ######..     3%          2    None
l - Stoneskin             Trmt/Erth      ###.....     13%         2    None


Dungeon Overview and Level Annotations

Branches:
Dungeon (15/15)            Temple (1/1) D:7             Orc (4/4) D:11
    Elf (3/3) Orc:4          Lair (8/8) D:9           Swamp (5/5) Lair:5
  Snake (5/5) Lair:4        Slime (0/6) Lair:7       Vaults (0/5) D:13
 Depths (3/5) D:15

Altars:
Ashenzari
Cheibriados
Dithmenos
Elyvilon
Fedhas
Kikubaaqudgha
Makhleb
Nemelex Xobeh
Okawaru
Qazlal
Sif Muna
Trog
Vehumet
Xom
Zin
The Shining One
Jiyva

Shops:
D:5 *   D:6 [!   D:7 !   D:14 =   Orc:1 (   Orc:2 ?   Orc:3 [   Orc:4 :*[}=
Snake:2 ?

Portals:
Hell: Depths:1 Depths:2 Depths:3

Annotations:
D:4 4tharraofdagon's ghost, weakling FeFE
Orc:4 WARP+STAT FORM
Lair:4 exclusion: ice statue
Snake:3 exclusion: 4 oklob plants


Innate Abilities, Weirdness & Mutations

You are partially covered in icy blue scales (AC +1).
You are partially covered in large bone plates (AC +2, SH +2).
You are partially covered in thin metallic scales (AC +2).
You possess an exceptional clarity of mind.
Your mind is acute. (Int +2)
You are clumsy. (Dex -2)
You passively map a small area around you.
You are robust (+10% HP).
You occasionally shout uncontrollably at your foes.
Your spells are a little harder to cast, but a little more powerful.


Message History

The tengu reaver hits you with a war axe!!
* * * LOW HITPOINT WARNING * * *
The tengu reaver pecks you but does no damage.
The tengu reaver claws you but does no damage.
Unknown command.
Unknown command.
Unknown command.
You thump the tengu reaver!
The tengu reaver is severely wounded.
Unknown command.
Unknown command.
The tengu reaver blocks your attack.
The tengu reaver is severely wounded.
The battlesphere is engulfed in roaring flames.
The yaktaur shoots a bolt of flame.
The bolt of flame hits you!
* * * LOW HITPOINT WARNING * * *
The tengu reaver is engulfed in freezing vapours.
The tengu reaver gestures at you while chanting.
The bolt of lightning hits you!
You die...

, #............ *.$.# ,
#.......§...# *#..#
###...........#, #..#
................ #.>
.............#* ,, #..
.........§..# , , #.. ,
........§(..#,, ,,, #..
.........*...## , #..
...∩...§@Q....###, ,#.. ,
......§.####....#######..
,≈ ....c.. ##.((.........
....c.. *###.##.(..... *
....... , , #.##§...... ,
,,.c.... *#.##..(..(. ,
.#### #.##.....}. ,
*#.##....... ,
#.####...(.


You could see a tengu reaver and 3 yaktaurs.

Vanquished Creatures
  Saint Roka (Depths:1)
  A golden dragon (Depths:1)
  Nikola (Swamp:3)
  A quicksilver dragon (Depths:2)
  A deep elf blademaster (Elf:3)
  2 deep elf master archers (Elf:3)
  A storm dragon (Depths:2)
  A shadow dragon (Depths:2)
  A lich (Depths:2)
  2 thorn hunters
  Frances (Snake:3)
  A tengu reaver (Depths:2)
  Roxanne (D:14)
  9 fire giants
  An orc warlord (Bailey)
  2 iron dragons
  5 deep elf sorcerers (Elf:3)
  4 frost giants
  8 greater nagas
  Aizul (Depths:1)
  Louise (Swamp:1)
  Gastronok (Orc:3)
  Jorgrun (Depths:2)
  7 very ugly things
  4 emperor scorpions
  9 rakshasas
  15 stone giants
  8 deep elf demonologists
  6 dire elephants
  8 deep elf annihilators (Elf:3)
  A large abomination (Elf:3)
  5 minotaurs
  7 deep elf death magi
  7 ettins
  3 deep elf high priests
  7 fire dragons
  A yaktaur captain (Depths:1)
  2 great orbs of eyes (Depths:2)
  Fannar (D:14)
  5 spriggan air magi
  Harold (D:13)
  16 naga warriors
  22 hydras
  9 ice dragons
  3 centaur warriors
  11 anacondas
  6 shambling mangroves
  9 deep troll earth magi
  6 alligators
  2 tengu warriors
  4 ogre magi
  11 deep troll shamans
  4 spriggan berserkers
  11 naga sharpshooters
  11 death yaks
  6 shock serpents
  A hell knight (Depths:2)
  Nergalle (Orc:3)
  3 soul eaters
  3 catoblepae
  Erolcha (D:11)
  A skeletal warrior (D:15)
  A sun demon (Elf:3)
  An iron troll (Depths:2)
  8 naga ritualists
  10 deep elf knights
  4 salamander mystics
  2 wizards
  A flayed ghost (D:15)
  3 spriggan druids
  10 hill giants
  18 swamp dragons
  A giant orange brain (Depths:2)
  7 orc knights
  8 deep elf summoners
  A hellion (Depths:3)
  A lindwurm (Lair:8)
  12 deep elf conjurers
  16 deep trolls
  10 mana vipers
  3 necromancers
  2 sphinx zombies (D:15)
  11 ugly things
  A faun (shapeshifter) (D:13)
  5 red wasps
  2 fire giant zombies (D:15)
  An orc sorcerer (Depths:1)
  3 griffons
  2 manticores
  A cyclops (shapeshifter) (D:13)
  10 salamanders
  A sixfirhy (Depths:3)
  2 cyclopes
  9 elephants (Lair:8)
  A guardian serpent (Lair:4)
  16 naga magi
  A queen ant (Lair:3)
  3 torpor snails
  37 black mambas
  4 yaktaurs
  An iron devil (Elf:3)
  A gargoyle (D:14)
  14 spiny frogs
  An efreet (D:14)
  10 komodo dragons
  A small abomination (Elf:3)
  A yaktaur (shapeshifter) (Elf:1)
  A guardian mummy (D:15)
  6 red devils
  3 tengu conjurers
  A blue devil (Elf:3)
  9 deep elf priests
  2 fire drakes
  A merfolk (shapeshifter) (Depths:2)
  8 trolls
  A yaktaur skeleton (D:13)
  A wandering mushroom (Lair:7)
  5 polar bears
  16 slime creatures
  12 bog bodies
  2 baby alligators (Swamp:3)
  7 giant leeches
  8 blink frogs
  10 ravens
  A troll (shapeshifter) (Depths:1)
  7 two-headed ogres
  2 trapdoor spiders
  5 spriggans (Swamp:3)
  A trapdoor spider (shapeshifter) (D:15)
  6 basilisks
  27 yaks
  10 air elementals
  22 deep elf magi
  12 wyverns
  4 redbacks
  A fire bat (shapeshifter) (Depths:1)
  3 hungry ghosts
  2 vampires
  18 vampire mosquitoes
  2 shadows
  4 water elementals
  Grum (D:9)
  2 hill giant zombies
  22 deep elf fighters
  A wraith (D:15)
  12 hippogriffs
  26 swamp worms
  3 wargs
  2 mottled dragons
  10 soldier ants
  23 water moccasins
  2 hell hounds (Lair:5)
  9 ice beasts
  A soldier ant (shapeshifter) (D:13)
  61 nagas
  5 sky beasts
  16 swamp drakes
  22 wolves
  7 porcupines
  5 yellow wasps (Swamp:3)
  3 boring beetles (Lair:8)
  16 ogres
  A sky beast (shapeshifter) (Elf:1)
  47 orc warriors
  2 black bears
  23 centaurs
  20 crocodiles
  A manticore skeleton (D:12)
  21 giant frogs
  3 big kobolds
  26 insubstantial wisps
  7 scorpions
  A yak zombie (D:9)
  14 killer bees
  A quasit (D:10)
  5 electric eels
  8 crimson imps
  2 lava snakes (D:11)
  23 orc priests
  5 jellies
  A giant frog zombie (D:5)
  7 hounds
  2 centaur skeletons (D:8)
  14 iguanas
  An elf zombie (Depths:2)
  25 orc wizards
  A basilisk skeleton (D:14)
  A two-headed ogre skeleton (D:13)
  Natasha (D:3)
  A kobold skeleton (D:9)
  8 orange rats
  32 worker ants
  An ogre zombie (D:9)
  Terence (D:3)
  10 mummies
  22 adders
  2 scorpion zombies (D:10)
  A mottled dragon simulacrum (D:14)
  10 gnolls (Bailey)
  28 green rats
  2 shadow imps
  4 white imps (Lair:4)
  3 worms
  2 orc zombies
  A giant gecko (D:2)
  3 oozes
  172 orcs
  A ball python (D:5)
  A bat skeleton (D:5)
  A bat zombie (D:5)
  3 giant cockroaches
  2 gnoll zombies (Ossuary)
  33 hobgoblins
  9 jackals
  29 kobolds
  9 quokkas
  16 bats
  6 giant newts
  5 giant spores
  29 goblins
  3 hobgoblin zombies (Ossuary)
  2 kobold zombies (Ossuary)
  An orc skeleton (D:9)
  7 rats
  A spectral orc (Orc:3)
  13 ballistomycetes
  A briar patch (Swamp:2)
  A bush (Lair:6)
  A butterfly (Lair:5)
  30 fungi
  33 plants
1816 creatures vanquished.

Vanquished Creatures (collateral kills)
  An ice dragon (Depths:1)
  A naga warrior (Snake:4)
  An ugly thing (D:11)
  A salamander (Snake:4)
  A water elemental (Snake:4)
  A yak (D:11)
  A killer bee (D:9)
  A goblin (Bailey)
8 creatures vanquished.

Vanquished Creatures (others)
  A tentacled monstrosity (Depths:2)
  A deep elf blademaster (Elf:3)
  A fire giant (Depths:2)
  A death yak (Lair:8)
  A hell knight (Depths:2)
  A deep elf knight (Elf:2)
  A black mamba (Snake:5)
  A raven (Swamp:4)
  A water elemental (Snake:4)
  A trapdoor spider (Snake:4)
  8 air elementals
  4 fire elementals
  A vampire mosquito (D:13)
  A boggart (Depths:2)
  4 lost souls
  A killer bee (D:9)
  An orange rat (Depths:2)
  An orc (Orc:4)
  2 jackals (D:7)
  A giant spore (D:13)
  A kobold (D:8)
  3 fungi
  3 plants
  2 toadstools (Swamp:2)
43 creatures vanquished.

Grand Total: 1867 creatures vanquished

Notes
Turn   | Place    | Note
--------------------------------------------------------------
     0 | D:1      | 4tharraofdagon, the Human Venom Mage, began the quest for the Orb.
     0 | D:1      | Reached XP level 1. HP: 13/13 MP: 3/3
   303 | D:2      | Reached XP level 2. HP: 17/19 MP: 4/4
   318 | D:2      | Learned a level 2 spell: Cure Poison
   465 | D:3      | Reached skill level 1 in Fighting
   465 | D:3      | Reached XP level 3. HP: 9/26 MP: 6/6
   554 | D:3      | Noticed Terence
   590 | D:3      | Killed Terence
   771 | D:3      | Reached XP level 4. HP: 28/32 MP: 7/7
  1049 | D:4      | Reached skill level 5 in Poison Magic
  1054 | D:4      | Learned a level 3 spell: Mephitic Cloud
  1078 | D:4      | Reached XP level 5. HP: 38/38 MP: 6/9
  1114 | D:4      | meh
  1201 | D:3      | Noticed Natasha
  1225 | D:3      | Killed Natasha
  1397 | D:4      | Reached XP level 6. HP: 41/47 MP: 6/10
  1512 | D:4      | Noticed 4tharraofdagon's ghost (weakling FeFE)
  1531 | D:5      | Entered Level 5 of the Dungeon
  1764 | D:5      | Reached XP level 7. HP: 26/55 MP: 10/12
  1803 | D:5      | Found Brigih's Assorted Antiques.
  1806 | D:5      | Bought a sharpened fluorescent wand for 124 gold pieces
  1806 | D:5      | Bought a glowing morningstar for 124 gold pieces
  1806 | D:5      | Bought a scroll labeled KHOVEIVIPI for 31 gold pieces
  1928 | D:5      | Noticed an orc warrior
  2031 | D:5      | Reached skill level 1 in Maces & Flails
  2214 | D:6      | Reached skill level 5 in Fighting
  2331 | D:6      | Found Qag Ucaj's Distillery.
  2344 | D:6      | Bought a potion of heal wounds for 42 gold pieces
  2430 | D:6      | Found Plia's Armour Shoppe.
  2516 | D:6      | Reached XP level 8. HP: 40/63 MP: 9/13
  2705 | D:7      | Reached skill level 6 in Fighting
  2705 | D:7      | Reached skill level 5 in Maces & Flails
  2766 | D:7      | Reached skill level 1 in Armour
  2867 | D:7      | Found Klyewkub's Distillery.
  3027 | D:6      | Bought a potion of mutation for 35 gold pieces
  3027 | D:6      | Bought a potion of berserk rage for 42 gold pieces
  3028 | D:6      | Gained mutation: You are partially covered in thin metallic scales (AC +2). [potion of mutation]
  3028 | D:6      | Gained mutation: You occasionally shout uncontrollably at your foes. [potion of mutation]
  3028 | D:6      | Gained mutation: You are clumsy. (Dex -2) [potion of mutation]
  3029 | D:6      | Gained mutation: You are partially covered in icy blue scales (AC +1). [potion of mutation]
  3029 | D:6      | Gained mutation: You passively map a small area around you. [potion of mutation]
  3029 | D:6      | Gained mutation: You are robust (+10% HP). [potion of mutation]
  3138 | D:7      | Found a staircase to the Ecumenical Temple.
  3175 | Temple   | Entered the Ecumenical Temple
  3350 | Temple   | Became a worshipper of Qazlal Stormbringer
  3443 | D:8      | Reached XP level 9. HP: 75/75 MP: 11/14
  3447 | D:8      | Reached skill level 1 in Invocations
  3538 | D:8      | Found a sand-covered staircase.
  3548 | Ossuary  | Entered an ossuary
  3597 | Ossuary  | Reached skill level 5 in Dodging
  3615 | Ossuary  | Acquired Qazlal's first power
  4348 | D:9      | Noticed a deep troll earth mage
  4369 | D:9      | Killed a deep troll earth mage
  4369 | D:9      | Reached skill level 7 in Fighting
  4369 | D:9      | Reached skill level 5 in Invocations
  4369 | D:9      | Reached XP level 10. HP: 42/86 MP: 6/18
  4507 | D:9      | Found a staircase to the Lair.
  4516 | D:9      | Noticed Grum
  4530 | D:9      | Acquired Qazlal's second power
  4545 | D:9      | Reached skill level 8 in Maces & Flails
  4711 | D:9      | Found a shadowy altar of Dithmenos.
  4712 | D:9      | Found a blossoming altar of Fedhas.
  4817 | D:9      | Killed Grum
  4880 | D:10     | Entered Level 10 of the Dungeon
  5092 | D:10     | Reached XP level 11. HP: 81/92 MP: 21/21
  5191 | D:9      | Reached skill level 5 in Armour
  5341 | D:10     | Reached skill level 9 in Maces & Flails
  5366 | D:10     | Learned a level 3 spell: Regeneration
  5370 | D:10     | Learned a level 3 spell: Spectral Weapon
  5412 | D:10     | Noticed a hill giant
  5422 | D:10     | Killed a hill giant
  5652 | D:11     | Acquired Qazlal's third power
  5671 | D:11     | Noticed a deep troll earth mage
  5683 | D:11     | Noticed a red ugly thing
  5684 | D:11     | Noticed Erolcha
  5710 | D:11     | Killed a red ugly thing
  5802 | D:11     | Found a flagged portal.
  5890 | D:11     | Noticed a cyclops
  5893 | D:11     | Found a staircase to the Orcish Mines.
  5940 | D:11     | Got a brightly glowing ring mail
  5941 | D:11     | uhhh
  5971 | D:11     | Killed a cyclops
  6083 | Bailey   | Entered a bailey
  6253 | Bailey   | Acquired Qazlal's fourth power
  6334 | Bailey   | Noticed an orc knight
  6363 | Bailey   | Killed an orc knight
  6401 | Bailey   | Noticed an orc warlord
  6403 | Bailey   | Noticed an orc knight
  6404 | Bailey   | Noticed an orc knight
  6642 | Bailey   | Killed an orc knight
  6677 | Bailey   | Killed an orc knight
  6677 | Bailey   | Reached XP level 12. HP: 101/103 MP: 17/24
  6887 | Bailey   | Killed an orc warlord
  6968 | D:11     | Reached skill level 10 in Maces & Flails
  6976 | D:11     | Killed a deep troll earth mage
  7042 | D:12     | hmm
  7281 | D:12     | Found a snail-covered altar of Cheibriados.
  7761 | D:13     | Noticed Harold
  7773 | D:13     | HP: 2/103 [Harold/bolt of fire (47)]
  7902 | D:13     | Killed Harold
  7962 | D:13     | Found a gate to the Vaults.
  7967 | D:13     | Noticed a fire crab
  7969 | D:13     | a fire crab changed into a cyclops
  8032 | D:13     | Found a labyrinth entrance.
  8036 | Lab      | Entered a labyrinth
  8133 | Lab      | Noticed a minotaur
  8198 | Lab      | Killed a minotaur
  8198 | Lab      | Reached skill level 10 in Invocations
  8229 | Lab      | Identified Sif Muna's Compendium of Compulsion (You found it in a labyrinth)
  8243 | Lab      | OP loot
  8304 | D:13     | Identified a scroll of acquirement
  8316 | D:13     | meh
  8316 | D:13     | wand of healing!
  8336 | D:13     | Noticed a centaur warrior
  8372 | D:13     | Killed a centaur warrior
  8372 | D:13     | Reached XP level 13. HP: 24/111 MP: 27/27
  8400 | D:13     | Learned a level 1 spell: Animate Skeleton
  8462 | D:13     | Noticed a five-headed hydra
  8568 | D:11     | Noticed a manticore
  8578 | D:11     | Killed a manticore
  8587 | D:11     | Noticed a brown ugly thing
  8595 | D:11     | Killed a brown ugly thing
  8683 | Orc:1    | Entered Level 1 of the Orcish Mines
  8753 | Orc:2    | Found Wuqai's Magic Scroll Shop.
  8758 | Orc:2    | Bought a scroll of blinking for 97 gold pieces
  8758 | Orc:2    | Bought a scroll of magic mapping for 45 gold pieces
  8759 | Orc:2    | Bought a scroll of identify for 26 gold pieces
  8765 | Orc:2    | Found a shimmering altar of Xom.
  8787 | Orc:2    | Gained mutation: You are partially covered in large bone plates (AC +2, SH +2). [potion of beneficial mutation]
  8788 | Orc:2    | Gained mutation: Your mind is acute. (Int +2) [potion of beneficial mutation]
  9190 | Orc:3    | Noticed Nergalle
  9224 | Orc:3    | Killed Nergalle
  9306 | Orc:3    | Found a shimmering altar of Xom.
  9404 | Orc:3    | Acquired Qazlal's fifth power
  9410 | Orc:3    | Noticed Gastronok
  9450 | Orc:3    | Killed Gastronok
  9450 | Orc:3    | Reached skill level 5 in Spellcasting
  9625 | Orc:2    | Reached skill level 11 in Maces & Flails
  9781 | Orc:3    | Found Cuoman's Antique Armour Boutique.
  9854 | Orc:4    | Entered Level 4 of the Orcish Mines
 10199 | Orc:4    | Found Kluott's Gadget Shop.
 10199 | Orc:4    | Found Shruaweor's Armour Emporium.
 10202 | Orc:4    | Found Stovve Samy's General Store.
 10214 | Orc:4    | Found Doirch's Jewellery Boutique.
 10289 | Orc:4    | Bought a scroll of teleportation for 42 gold pieces
 10289 | Orc:4    | Bought a scroll of identify for 28 gold pieces
 10294 | Orc:4    | Bought a wand of teleportation (4) for 360 gold pieces
 10297 | Orc:4    | Bought a cursed amulet of inaccuracy for 30 gold pieces
 10459 | Orc:4    | Found Ritsawan's Book Boutique.
 10478 | Orc:4    | End of an Era
 10491 | Orc:4    | Found a staircase to the Elven Halls.
 10911 | D:5      | Bought a runed troll leather armour for 465 gold pieces
 10935 | D:5      | Identified the +6 ring mail of Peek-a-Boo {rElec rN+} (You found it on level 11 of the Dungeon)
 10998 | D:6      | Bought the +0 cloak of Rotation {rC+} for 185 gold pieces
 11038 | D:6      | Bought a potion of agility for 35 gold pieces
 11038 | D:6      | Bought a potion of poison for 14 gold pieces
 11135 | D:7      | Bought a potion of curing for 28 gold pieces
 11135 | D:7      | Bought a potion of might for 35 gold pieces
 11135 | D:7      | Bought a potion of heal wounds for 42 gold pieces
 11204 | Lair:1   | Entered Level 1 of the Lair of Beasts
 11412 | Lair:1   | Reached XP level 14. HP: 119/119 MP: 29/29
 11436 | Lair:1   | Got a bloodstained plate armour
 11486 | Lair:1   | Identified the +5 plate armour of the Hall of Blades {MR+ Dex+4} (You found it on level 1 of the Lair of Beasts)
 11713 | Lair:2   | Reached skill level 10 in Fighting
 11816 | Lair:2   | Reached skill level 12 in Invocations
 11939 | Lair:2   | Got a pair of faintly glowing gloves
 11950 | Lair:2   | Identified the +0 pair of gloves "Ytud" {+Blink MR++} (You acquired it on level 2 of the Lair of Beasts)
 12148 | Lair:3   | Reached skill level 1 in Necromancy
 12209 | Lair:3   | Learned a level 1 spell: Apportation
 12212 | Lair:3   | Learned a level 2 spell: Blink
 12400 | Lair:3   | Reached skill level 1 in Translocations
 12439 | Lair:3   | Gained mutation: Your spells are a little harder to cast, but a little more powerful. [potion of beneficial mutation]
 12905 | Lair:4   | Found a staircase to the Snake Pit.
 13136 | Lair:5   | Found a staircase to the Swamp.
 14133 | Lair:7   | Reached skill level 13 in Invocations
 14133 | Lair:7   | Reached XP level 15. HP: 109/128 MP: 29/31
 14176 | Lair:7   | Found a viscous altar of Jiyva.
 14176 | Lair:7   | Found a staircase to the Slime Pits.
 14233 | Lair:7   | Reached skill level 5 in Translocations
 14235 | Lair:7   | Reached skill level 1 in Evocations
 14471 | Lair:8   | Entered Level 8 of the Lair of Beasts
 14662 | Lair:8   | Reached skill level 10 in Dodging
 14916 | Lair:8   | Got a fine ivory amulet
 14917 | Lair:8   | Identified the amulet "Haufiatt" {Inacc rElec} (You found it on level 8 of the Lair of Beasts)
 14928 | Lair:8   | Got a pitted bronze ring
 14931 | Lair:8   | Identified the ring "Yvaag" {Str+4 Stlth-} (You found it on level 8 of the Lair of Beasts)
 15477 | Swamp:1  | Entered Level 1 of the Swamp
 15766 | D:7      | Bought a potion of restore abilities for 42 gold pieces
 15766 | D:7      | Bought a potion of restore abilities for 42 gold pieces
 15766 | D:7      | Bought a potion of restore abilities for 42 gold pieces
 15766 | D:7      | Bought a potion of agility for 35 gold pieces
 15766 | D:7      | Bought a potion of brilliance for 35 gold pieces
 15915 | Orc:2    | Bought a scroll of enchant weapon for 97 gold pieces
 15915 | Orc:2    | Bought a scroll of brand weapon for 260 gold pieces
 15915 | Orc:2    | Bought a scroll of recharging for 123 gold pieces
 15936 | Orc:4    | Bought a book of the Warp for 1170 gold pieces
 15942 | Orc:4    | Learned a level 4 spell: Control Teleport
 15950 | Orc:4    | Learned a level 7 spell: Controlled Blink
 16041 | D:11     | Got a smoking flail
 16042 | D:11     | Identified the +3 flail of the Brain {crush, Dex+2} (You found it on level 11 of the Dungeon)
 16055 | D:11     | Killed Erolcha
 16292 | D:13     | Killed a five-headed hydra
 16452 | D:13     | Found a shimmering altar of Xom.
 16452 | D:13     | Found a shimmering altar of Xom.
 16452 | D:13     | Found a shimmering altar of Xom.
 16452 | D:13     | Found a shimmering altar of Xom.
 16452 | D:13     | Found a shimmering altar of Xom.
 16453 | D:13     | Found a shimmering altar of Xom.
 16453 | D:13     | Found a shimmering altar of Xom.
 16453 | D:13     | Found a shimmering altar of Xom.
 16453 | D:13     | Found a shimmering altar of Xom.
 16615 | D:14     | Noticed Fannar
 16651 | D:14     | Killed Fannar
 16727 | D:14     | Found Klingiaf's Jewellery Boutique.
 16734 | D:14     | Reached skill level 5 in Evocations
 16851 | D:14     | Found a sparkling altar of Nemelex Xobeh.
 16875 | D:14     | Noticed Roxanne
 17020 | D:14     | Killed Roxanne
 17020 | D:14     | Reached XP level 16. HP: 89/137 MP: 32/32
 17023 | D:14     | Identified Roxanne's Disquisition on Transformation (You took it off Roxanne on level 14 of the Dungeon)
 17106 | D:15     | Entered Level 15 of the Dungeon
 17162 | D:15     | Found a sparkling altar of Nemelex Xobeh.
 17311 | D:15     | Found a staircase to the Depths.
 17787 | Depths:1 | Entered Level 1 of the Depths
 17832 | Depths:2 | Reached skill level 14 in Invocations
 17855 | Depths:2 | Reached skill level 10 in Armour
 17913 | Depths:2 | Got a slimy great mace
 17914 | Depths:2 | Identified the +4 great mace of Faragoippu {crush, +Blink +Inv rPois Int+3} (You acquired it on level 2 of the Depths)
 18281 | Depths:1 | Noticed Aizul
 18301 | Depths:1 | Killed Aizul
 18532 | Depths:1 | Reached skill level 10 in Translocations
 18801 | Depths:1 | Noticed a golden dragon
 18840 | Depths:1 | Reached XP level 17. HP: 130/144 MP: 30/32
 19383 | Swamp:1  | Noticed Louise
 19403 | Swamp:1  | Killed Louise
 19546 | Swamp:1  | passing the breakpoint
 19551 | Swamp:1  | Identified Ibiqafes' Almanac of Beguiling (You found it on level 1 of the Swamp)
 20157 | Swamp:3  | Noticed Nikola
 20243 | Swamp:3  | Killed Nikola
 20355 | Swamp:3  | Reached skill level 15 in Maces & Flails
 20498 | Swamp:3  | 1 more
 20933 | Swamp:5  | Entered Level 5 of the Swamp
 21011 | Swamp:5  | Reached XP level 18. HP: 135/151 MP: 33/33
 21664 | Swamp:5  | Got a decaying rune of Zot
 22059 | Snake:1  | Entered Level 1 of the Snake Pit
 22078 | Snake:1  | Reached skill level 16 in Maces & Flails
 22277 | Snake:1  | Identified a +1 rod of striking (9/9) (You found it on level 1 of the Snake Pit)
 22431 | Snake:2  | Found Zatwoitu's Magic Scroll Emporium.
 22497 | Snake:2  | Bought a scroll of remove curse for 51 gold pieces
 22497 | Snake:2  | Bought a scroll of teleportation for 51 gold pieces
 22497 | Snake:2  | Bought a scroll of blinking for 127 gold pieces
 22502 | Snake:2  | Bought a scroll of summoning for 161 gold pieces
 22505 | Snake:2  | Bought a scroll of enchant weapon for 127 gold pieces
 22505 | Snake:2  | Bought a scroll of teleportation for 51 gold pieces
 23298 | Snake:3  | Reached XP level 19. HP: 48/158 MP: 34/34
 23441 | Snake:3  | Found a burning altar of Makhleb.
 23464 | Snake:3  | Learned a level 6 spell: Haste
 23600 | Snake:3  | Noticed Frances
 23619 | Snake:3  | Killed Frances
 23975 | Snake:4  | Reached skill level 1 in Charms
 24445 | Snake:5  | Entered Level 5 of the Snake Pit
 24898 | Snake:5  | Reached skill level 5 in Charms
 25119 | Snake:5  | Reached skill level 15 in Invocations
 25823 | Snake:5  | Reached XP level 20. HP: 145/168 MP: 35/35
 26017 | Snake:5  | Got a serpentine rune of Zot
 26525 | Orc:1    | Found Jucvorakk's Antique Weapon Boutique.
 26629 | Elf:1    | Entered Level 1 of the Elven Halls
 27206 | Elf:2    | Reached skill level 17 in Maces & Flails
 27294 | Elf:3    | Entered Level 3 of the Elven Halls
 28100 | Elf:3    | Identified a cursed +2 rod of striking (9/9) (You took it off a deep elf conjurer on level 3 of the Elven Halls)
 28149 | Elf:3    | Reached XP level 21. HP: 171/178 MP: 32/36
 28159 | Elf:3    | Got a blackened mace
 28160 | Elf:3    | Identified the +7 mace of Ancient Evil {venom, Str-3 Stlth+} (You took it off a deep elf death mage on level 3 of the Elven Halls)
 28250 | Elf:3    | :(
 28250 | Elf:3    | meh
 28250 | Elf:3    | not a single usefull unique :(
 28250 | Elf:3    | im fucked
 28260 | Elf:3    | Got a bloodstained scale mail
 28271 | Elf:3    | Identified the cursed -5 scale mail "Xefuenun" {rElec Int-4 Slay+5} (You found it on level 3 of the Elven Halls)
 28294 | Elf:3    | Learned a level 2 spell: Swiftness
 28297 | Elf:3    | Learned a level 2 spell: Stoneskin
 28647 | Elf:2    | Reached skill level 18 in Maces & Flails
 29060 | D:14     | Bought the ring "Schihuas" {rC+ Str+3 Dex+2} for 595 gold pieces
 29060 | D:14     | Bought an uncursed ring of protection from fire for 350 gold pieces
 29138 | Depths:1 | Killed a golden dragon
 29258 | Depths:1 | HP: 1/178 [large slime creature (26)]
 29896 | Depths:1 | Noticed Saint Roka
 29911 | Depths:1 | Killed Saint Roka
 30388 | Depths:2 | Noticed a quicksilver dragon
 30389 | Depths:2 | Noticed a storm dragon
 30395 | Depths:2 | Noticed a shadow dragon
 30396 | Depths:2 | Killed a quicksilver dragon
 30396 | Depths:2 | Reached skill level 19 in Maces & Flails
 30454 | Depths:1 | Found a gateway to Hell.
 30514 | Depths:2 | Killed a storm dragon
 30522 | Depths:2 | Killed a shadow dragon
 30653 | Depths:2 | Reached XP level 22. HP: 158/189 MP: 36/36
 31077 | Depths:2 | Noticed a tengu reaver
 31097 | Depths:2 | Killed a tengu reaver
 31259 | Depths:2 | Noticed Jorgrun
 31290 | Depths:2 | Noticed a tentacled monstrosity
 31290 | Depths:2 | Killed Jorgrun
 31309 | Depths:2 | Killed a tentacled monstrosity
 31794 | Depths:2 | Reached skill level 20 in Maces & Flails
 31880 | Depths:2 | Gained mutation: You possess an exceptional clarity of mind. [potion of beneficial mutation]
 31961 | Depths:2 | Noticed a lich
 31977 | Depths:2 | Killed a lich
 32458 | Depths:2 | Reached XP level 23. HP: 88/198 MP: 24/37
 32556 | Depths:3 | Killed from afar by a tengu reaver

Action                   |  1- 3 |  4- 6 |  7- 9 | 10-12 | 13-15 | 16-18 | 19-21 | 22-24 || total
-------------------------+-------+-------+-------+-------+-------+-------+-------+-------++-------
Melee: Dagger            |    49 |   148 |     7 |       |       |       |       |       ||   204
       Unarmed           |     3 |       |       |       |       |    35 |       |       ||    38
       Morningstar       |       |       |   346 |   613 |  1680 |   251 |       |       ||  2890
       Great mace        |       |       |       |       |       |  1168 |  1818 |   621 ||  3607
Throw: Throwing net      |     1 |       |       |       |       |       |       |       ||     1
 Cast: Sting             |    20 |    43 |    38 |    84 |       |       |       |       ||   185
       Cure Poison       |     1 |     2 |     2 |     6 |    14 |    18 |    20 |     2 ||    65
       Mephitic Cloud    |       |       |     2 |    37 |    25 |    11 |       |       ||    75
       Regeneration      |       |       |       |     1 |       |     3 |     5 |    55 ||    64
       Apportation       |       |       |       |       |     6 |    47 |    70 |    19 ||   142
       Control Teleport  |       |       |       |       |       |     1 |     3 |       ||     4
       Controlled Blink  |       |       |       |       |       |       |     1 |       ||     1
       Stoneskin         |       |       |       |       |       |       |       |     7 ||     7
Invok: Upheaval          |       |       |       |     5 |    13 |    26 |    29 |    19 ||    92
       Elemental Force   |       |       |       |     2 |     1 |     2 |     2 |       ||     7
 Abil: Stop Flying       |       |       |       |     1 |       |       |       |     1 ||     2
       Evoke Flight      |       |       |       |       |       |     5 |       |       ||     5
       Evoke Teleportati |       |       |       |       |       |       |     3 |       ||     3
Evoke: Wand              |       |       |     1 |     4 |     3 |     4 |    15 |       ||    27
       Fan of gales      |       |       |       |     1 |       |       |     4 |     2 ||     7
       Sack of spiders   |       |       |       |     1 |       |     1 |     1 |       ||     3
       Deck              |       |       |       |       |       |       |       |     2 ||     2
  Use: Scroll            |       |     7 |     2 |     9 |    18 |     8 |    14 |     1 ||    59
       Potion            |       |       |     2 |     3 |     6 |     3 |    24 |     2 ||    40
 Stab: Sleeping          |     2 |     1 |     1 |       |       |       |       |       ||     4
       Confused          |       |       |     1 |     8 |    11 |     3 |       |       ||    23
       Invisible         |       |       |       |       |     2 |       |     5 |       ||     7
       Distracted        |       |       |       |       |       |       |     1 |       ||     1
  Eat: Chunk             |       |     5 |    12 |    15 |    40 |    35 |    42 |    15 ||   164
       Fruit             |       |       |       |    10 |       |       |       |       ||    10
       Beef jerky        |       |       |       |     1 |       |     2 |     1 |       ||     4
       Royal jelly       |       |       |       |       |       |       |     2 |       ||     2
